 Dungeon Crawl Stone Soup version 0.32-a0-859-gb0a091d592 (webtiles) character file.

Game seed: 8287493534952097402

971 kae the Carver (level 8, -4/56 HPs)
             Began as a Coglin Gladiator on Mar 27, 2024.
             Slain by a black bear (9 damage)
             ... on level 5 of the Dungeon.
             The game lasted 00:02:53 (4172 turns).

kae the Carver (Coglin Gladiator)                   Turns: 4172, Time: 00:02:53

Health: -4/56      AC:  4    Str: 16    XL:     8   Next: 16%
Magic:  8/8        EV: 11    Int:  7    God:
Gold:   170        SH:  0    Dex: 17    Spells: 7/7 levels left

rFire   . . .        a - +1 long sword {Gunther}
rCold   . . .        f - +0 dagger {Tertia}
rNeg    . . .        b - +0 leather armour
rPois   .            c - +0 helmet
rElec   .            (no cloak)
rCorr   .            (no gloves)
SInv    .            (no boots)
Will    .....        (amulet unavailable)
Stlth   +            (ring unavailable)
HPRegen 0.29/turn    (ring unavailable)
MPRegen 0.11/turn    (no gizmo)

%: no passive effects
@: revved
A: off-hand wielding, slow wielding, warmup strikes, no jewellery
a: Invent Gizmo


You were on level 5 of the Dungeon.
You visited 1 branch of the dungeon, and saw 5 of its levels.

You collected 200 gold pieces.
You spent 30 gold pieces at shops.


Innate Abilities, Weirdness & Mutations

You can wield a second weapon in your off-hand.
It takes a long time for you to wield or remove held weapons.
Your first few attacks do less damage.
You cannot equip rings or amulets.


   Skills:
 - Level 2.0 Fighting
 + Level 9.7 Long Blades
 - Level 1.7 Throwing
 - Level 2.6 Dodging


You had 7 spell levels left.
You didn't know any spells.
Your spell library contained the following spells:

 Spells                   Type           Power      Damage    Failure   Level
 Apportation              Tloc           0%         N/A       50%         1
 Blink                    Tloc           0%         N/A       65%         2
 Ensorcelled Hibernation  Hex/Ice        0%         N/A       65%         2
 Jinxbite                 Hex            0%         N/A       65%         2
 Lesser Beckoning         Tloc           0%         N/A       65%         2
 Momentum Strike          Conj/Tloc      0%         3d8       65%         2
 Passwall                 Erth           0%         N/A       86%         3
 Swiftness                Air            0%         N/A       86%         3
 Alistair's Intoxication  Alch           0%         N/A       100%        5

Inventory:

Hand Weapons
 a - a +1 long sword (weapon) {Gunther}
 f - a +0 dagger (offhand) {Tertia}
Missiles
 d - 3 throwing nets (quivered) {=f!f}
 e - a javelin
 i - 62 stones
 n - 6 poisoned darts
Armour
 b - a +0 leather armour (worn)
 c - a +0 helmet (worn)
Magical Staves
 r - a staff of earth {!a}
   (You found it on level 3 of the Dungeon)
Jewellery
 p - an amulet of magic regeneration
   (You found it on level 5 of the Dungeon)
 E - a +5 ring of evasion
   (You found it on level 3 of the Dungeon)
 P - a ring of poison resistance
   (You found it on level 3 of the Dungeon)
Scrolls
 j - a scroll of torment {!r}
 k - 2 scrolls of revelation
 m - a scroll of fear {unknown}
 o - a scroll of amnesia
 s - a scroll of poison {!r}
Potions
 g - a potion of brilliance
 h - 4 potions of curing {@q1}
 l - 2 potions of ambrosia
 q - 2 potions of magic
 t - a potion of mutation {unknown}
 u - a potion of heal wounds {@q2}

Dungeon Overview and Level Annotations

Branches:
Dungeon (5/15) Zot: 25833
 Temple: D:4-7

Altars:
Kikubaaqudgha

Shops:
D:1

* #.....#.#.#........#
#####.#.#.#........#
#.......#.#........###########
#.....###.#...................
#.....# #.####################
####### #.......# #.......#
#.......# ......##@###
.......##h# .....####.# #....
..# ###.. .## .. .. .. ...


You could see a black bear (berserk).


Message History

You barely miss the bullfrog with your +0 dagger.
You slash the bullfrog with your +1 long sword!
The bullfrog hits you but does no damage.
You hit the bullfrog with your +0 dagger.
You hit the bullfrog with your +1 long sword.
The bullfrog barely misses you.
You hit the bullfrog with your +0 dagger.
You kill the bullfrog!
No target in view! 😕 HP[+1]
You now have 170 gold pieces (gained 13).
Key pressed, stopping explore.
No target in view!
No target in view! 😎 HP[+7]
Your hp is fully restored (56).
You open the door.
A black bear comes into view.
The black bear growls angrily.
A black bear is nearby!
There is an open door here.
You hit the black bear but do no damage.
You hit the black bear with your +1 long sword.
The black bear barely misses you. The black bear misses you.
The black bear claws you. 😕 HP[-3]
You take 3 damage, and now have 53/56 hp.
A black bear is nearby!
You barely miss the black bear with your +1 long sword.
You barely miss the black bear with your +0 dagger.
The black bear bites you. The black bear claws you. The black bear misses you.
You barely miss the black bear with your +1 long sword.
You hit the black bear with your +0 dagger.
The black bear bites you.
The black bear claws you but does no damage.
The black bear closely misses you.
A black bear is nearby!
You barely miss the black bear with your +1 long sword.
You hit the black bear with your +0 dagger.
The black bear bites you! The black bear claws you. The black bear misses you.
You are too injured to fight recklessly!
A black bear is nearby!
You are too injured to fight recklessly!
You are too injured to fight recklessly!
A black bear is nearby!
You are too injured to fight recklessly!
You are too injured to fight recklessly! 😮 HP[-22]
You take 22 damage, and now have 31/56 hp.
MASSIVE DAMAGE!! (PAUSE)
You hit the black bear but do no damage.
You hit the black bear with your +1 long sword. 😮 HP[+1]
You barely miss the black bear with your +1 long sword.
You closely miss the black bear with your +0 dagger.
The black bear barely misses you. x2; The black bear closely misses you.
You barely miss the black bear with your +1 long sword.
You hit the black bear with your +0 dagger.
The black bear closely misses you. x2; The black bear claws you. 😮 HP[-3]
You take 3 damage, and now have 29/56 hp.
You hit the black bear but do no damage. x2
The black bear closely misses you. The black bear claws you.
* * * LOW HITPOINT WARNING * * *
The black bear closely misses you. 😨 HP[-1]
You take 1 damage, and now have 28/56 hp.
You hit the black bear with your +0 dagger.
You slash the black bear with your +1 long sword!
The black bear bites you!
* * * LOW HITPOINT WARNING * * *
The black bear claws you.
* * * LOW HITPOINT WARNING * * *
The black bear claws you but does no damage. 😨 HP[-7]
You take 7 damage, and now have 21/56 hp.
You hit the black bear with your +1 long sword.
You completely miss the black bear with your +0 dagger.
The black bear goes berserk!
You closely miss the black bear with your +1 long sword.
You hit the black bear with your +0 dagger.
The black bear bites you.
* * * LOW HITPOINT WARNING * * *
The black bear claws you but does no damage.
The black bear barely misses you. 😨 HP[-6]
You take 6 damage, and now have 15/56 hp.
You hit the black bear but do no damage.
You hit the black bear with your +1 long sword.
The black bear bites you!
* * * LOW HITPOINT WARNING * * *
The black bear claws you.
* * * LOW HITPOINT WARNING * * *
The black bear barely misses you. 😱 HP[-11]
You take 11 damage, and now have 4/56 hp.
You hit the black bear with your +0 dagger.
You hit the black bear but do no damage.
The black bear bites you!
You die...

Skill      XL: |  1  2  3  4  5  6 |
---------------+-------------------+-----
Long Blades    | 4 5 6 9 |  9.7
Fighting       | |  2.0
Throwing       | |  1.7
Dodging        | |  2.6

Action                     |  1- 3 |  4- 6 |  7- 9 || total
---------------------------+-------+-------+-------++-------
  Melee: Long sword        |    78 |   113 |    45 ||   236
         Dagger            |    69 |   102 |    45 ||   216
  Evoke: Wand              |       |     4 |       ||     4
    Use: Scroll            |     2 |     9 |       ||    11
         Potion            |     2 |     1 |       ||     3
   Stab: Sleeping          |     1 |       |       ||     1
 Armour: Leather armour    |    62 |    57 |    42 ||   161
  Dodge: Dodged            |    53 |    61 |    45 ||   159

Levels and vault maps discovered:
D:1:      lightli_arrival_statuegarden, layout_basic, serial_shops,
          nicolae_shop_hallway_plus
D:2:      layout_loops_corners, basic_altar, uniq_robin
D:3:      layout_rooms, dilly_ecumenical_altar_fadedgnrine, hangedman_decor_push
D:4:      layout_loops_cross
D:5:      layout_basic, mainiacjoe_overflow_paths, minmay_shop_grid_forest,
          hangedman_decor_growths, uniq_pikel

Notes
Turn   | Place    | Note
-------+----------+-------------------------------------------
     0 | D:1      | kae the Coglin Gladiator began the quest for the Orb.
     0 | D:1      | Reached XP level 1. HP: 16/16 MP: 1/1
     0 | D:1      | magus.rc [v1.11.3]
   128 | D:1      | You pick up a book of Spatial Translocations and begin
                  | reading...
   128 | D:1      | You add the spells Blink, Momentum Strike and Lesser
                  | Beckoning to your library.
   227 | D:1      | Reached XP level 2. HP: 19/22 MP: 2/2
   638 | D:1      | Found Remownea's Assorted Antiques.
   643 | D:1      | Bought a clear potion for 15 gold pieces
   688 | D:1      | Reached skill level 4 in Long Blades
   980 | D:1      | Bought an emerald potion for 15 gold pieces
  1067 | D:2      | Noticed Robin
  1075 | D:2      | Reached XP level 3. HP: 27/27 MP: 3/3
  1091 | D:2      | Killed Robin
  1093 | D:2      | HP: 4/27 [goblin/+0 club (5)]
  1293 | D:2      | Reached XP level 4. HP: 32/33 MP: 4/4
  1404 | D:2      | Found an ancient bone altar of Kikubaaqudgha.
  2208 | D:3      | Reached skill level 5 in Long Blades
  2384 | D:3      | Reached XP level 5. HP: 29/38 MP: 5/5
  2647 | D:3      | You pick up a book of Burglary and begin reading...
  2647 | D:3      | You add the spells Ensorcelled Hibernation, Swiftness and
                  | Passwall to your library.
  2800 | D:3      | Found a faded altar of an unknown god.
  3035 | D:4      | Reached skill level 6 in Long Blades
  3091 | D:4      | You pick up a book of Party Tricks and begin reading...
  3091 | D:4      | You add the spells Apportation, Jinxbite and Alistair's
                  | Intoxication to your library.
  3298 | D:4      | Noticed a black bear
  3306 | D:4      | Killed a black bear
  3307 | D:4      | Reached XP level 6. HP: 26/44 MP: 6/6
  3546 | D:4      | Reached skill level 7 in Long Blades
  3695 | D:5      | Entered Level 5 of the Dungeon
  3712 | D:5      | Noticed Pikel
  3742 | D:5      | Killed Pikel
  3743 | D:5      | Reached skill level 9 in Long Blades
  3743 | D:5      | Reached XP level 7. HP: 50/50 MP: 7/7
  3763 | D:5      | Reached XP level 8. HP: 43/56 MP: 8/8
  4171 | D:5      | HP: 6/56 [black bear (9)]
  4172 | D:5      | Slain by a black bear

Vanquished Creatures
  Pikel (D:5)
  A black bear (D:4)
  A phantom (D:5)
  A bullfrog (D:5)
  A howler monkey (D:5)
  2 bombardier beetles (D:4)
  An orc priest (D:3)
  A sleepcap (D:4)
  Robin (D:2)
  4 adders
  A shadow imp (D:5)
  3 ufetubi (D:5)
  A dart slug (D:4)
  4 orcs (D:3)
  6 ball pythons
  7 bats
  3 endoplasms
  5 giant cockroaches
  8 hobgoblins
  5 kobolds
  6 frilled lizards
  15 goblins
  7 rats
85 creatures vanquished.

Table legend:
 A = Non-vault XP
 B = Vault XP
 C = Vault XP percentage of total XP
 D = Non-vault monster count
 E = Vault monster count
 F = Vault count percentage of total count
                 A         B        C        D         E       F
            +---------+---------+-------+---------+---------+-------
      Total |     712 |     676 |  48.7 |      71 |      12 |  14.5
            +---------+---------+-------+---------+---------+-------
        D:1 |      30 |       0 |   0.0 |      19 |       0 |   0.0
        D:2 |      36 |      35 |  49.3 |      14 |      11 |  44.0
        D:3 |      95 |       0 |   0.0 |      25 |       0 |   0.0
        D:4 |     267 |       0 |   0.0 |       7 |       0 |   0.0
        D:5 |     284 |     641 |  69.3 |       6 |       1 |  14.3
            +---------+---------+-------+---------+---------+-------

Skill      XL: |  1  2  3  4  5  6 |
---------------+-------------------+-----
Long Blades    | 4 5 6 9 |  9.7
Fighting       | |  2.0
Throwing       | |  1.7
Dodging        | |  2.6

Action                     |  1- 3 |  4- 6 |  7- 9 || total
---------------------------+-------+-------+-------++-------
  Melee: Long sword        |    78 |   113 |    45 ||   236
         Dagger            |    69 |   102 |    45 ||   216
  Evoke: Wand              |       |     4 |       ||     4
    Use: Scroll            |     2 |     9 |       ||    11
         Potion            |     2 |     1 |       ||     3
   Stab: Sleeping          |     1 |       |       ||     1
 Armour: Leather armour    |    62 |    57 |    42 ||   161
  Dodge: Dodged            |    53 |    61 |    45 ||   159

Illustrated notes

Table legend:
 A = Kills in this place as a percentage of kills in the entire game.
 B = Kills by you in this place as a percentage of kills by you in the entire game.
 C = Kills by friends in this place as a percentage of kills by friends in the entire game.
 D = Other kills in this place as a percentage of other kills in the entire game.
 E = Experience gained in this place as a percentage of experience gained in the entire game.
 F = Experience gained in this place divided by the number of levels of this place that you have seen.
                   A       B       C       D       E      F
               +-------+-------+-------+-------+-------+----------------------
         Total | 100.0 | 100.0 |   N/A |   N/A | 100.0 | 277.6
       Dungeon | 100.0 | 100.0 |   N/A |   N/A | 100.0 | 277.6
               +-------+-------+-------+-------+-------+----------------------

Table legend: (Time is in decaauts)
 A = Elapsed time spent in this place.
 B = Non-inter-level travel time spent in this place.
 C = Inter-level travel time spent in this place.
 D = Time resting spent in this place.
 E = Time spent auto-exploring this place.
 F = Levels seen in this place.
 G = Mean time per level.
                   A        B        C        D        E       F      G
               +--------+--------+--------+--------+--------+-----+--------+
         Total |   4165 |   3926 |    239 |    225 |   3104 |   5 |  833.0 |
       Dungeon |   4165 |   3926 |    239 |    225 |   3104 |   5 |  833.0 |
               +--------+--------+--------+--------+--------+-----+--------+

Top non-repeatable levels by time:
     D:1: 1125 daAuts
     D:2: 1069 daAuts
     D:4: 831 daAuts
     D:3: 658 daAuts
     D:5: 480 daAuts
